 Dungeon Crawl Stone Soup version 0.18.1-8-gdd0e5ea (webtiles) character file.

49 M4edhros the Sneak (level 3, -2/21 HPs)
             Began as an Octopode Necromancer on June 7, 2016.
             Was a Follower of Cheibriados.
             Slain by a water moccasin skeleton (7 damage)
             ... on level 4 of the Dungeon.
             The game lasted 00:05:24 (990 turns).

M4edhros the Sneak (Octopode Necromancer)            Turns: 990, Time: 00:05:24

Health: -2/21      AC:  2    Str:  9    XL:     3   Next: 77%
Magic:  3/6        EV: 12    Int: 19    God:    Cheibriados [*.....]
Gold:   83         SH:  0    Dex: 15    Spells: 3 memorised, 1 level left

rFire  . . .     SeeInvis .       - Unarmed
rCold  . . .     Gourm    .     (no shield)
rNeg   . . .     Faith    .     (helmet restricted)
rPois  .         Spirit   .     (no amulet)
rElec  .         Dismiss  .     f - +1 ring of protection
rCorr  .         Reflect  .     (no ring)
SustAt .         Harm     .     (no ring)
MR     .....                    (no ring)
Stlth  ++++......               (no ring)
                                (no ring)
                                (no ring)
                                (no ring)

@: regenerating, very slow, not resistant to hostile enchantments, stealthy
A: almost no armour, amphibious, 8 rings, constrict 8, camouflage 1, gelatinous
body 1
a: Bend Time, Renounce Religion


You were on level 4 of the Dungeon.
You worshipped Cheibriados.
Cheibriados was aware of your devotion.
You were hungry.

You visited 1 branch of the dungeon, and saw 4 of its levels.

You collected 83 gold pieces.

Inventory:

Hand Weapons
 d - a -2 dagger
Jewellery
 f - a +1 ring of protection (left tentacle)
Scrolls
 i - a scroll of random uselessness {unknown}
 j - a scroll of fog {unknown}
 k - a scroll of amnesia {unknown}
 m - 2 scrolls of remove curse
Potions
 e - a potion of haste
 g - a potion of magic {unknown}
 h - a potion of might {unknown}
 l - a potion of curing {unknown}
Books
 a - a book of Necromancy

   Spells                             Type                      Level
   a - Pain                           Necromancy                   1
   b - Animate Skeleton               Necromancy                   1
   c - Vampiric Draining              Necromancy                   3
   d - Regeneration                   Charms/Necromancy            3
   e - Animate Dead                   Necromancy                   4
   f - Control Undead                 Necromancy                   4
 c - a book of Dreams

   Spells                             Type                      Level
   a - Ensorcelled Hibernation        Hexes/Ice                    2
   b - Silence                        Hexes/Air                    5
   c - Darkness                       Hexes                        6
   d - Shadow Creatures               Summoning                    6
Comestibles
 b - 2 bread rations
 n - a chunk of flesh


   Skills:
 - Level 2.0 Dodging
 * Level 4.4 Stealth
 + Level 2.1 Unarmed Combat
 - Level 2.0 Spellcasting
 - Level 4.0 Necromancy


You had one spell level left.
You knew the following spells:

 Your Spells              Type           Power        Failure   Level  Hunger
a - Pain                  Necr           ###.         3%          1    #......
b - Animate Skeleton      Necr           N/A          3%          1    #......
r - Regeneration          Chrm/Necr      #.........   21%         3    ###....


Dungeon Overview and Level Annotations

Branches:
Dungeon (4/15)
 Temple: D:4-7

Altars:
Cheibriados


Innate Abilities, Weirdness & Mutations

You cannot wear most types of armour.
You are amphibious.
You can wear up to eight rings at the same time.
You can use your tentacles to constrict eight enemies at once.
Your skin changes colour to match your surroundings (Stealth).
Your rubbery body absorbs attacks (AC +1).


Message History

The water moccasin skeleton closely misses you.
You tentacle-slap the water moccasin skeleton but do no damage.
You constrict the water moccasin skeleton.
The water moccasin skeleton bites you.
Casting: Regeneration
Confirm with . or Enter, or press ? or * to list all spells.
Your skin crawls.
You constrict the water moccasin skeleton.
The water moccasin skeleton bites you!
You tentacle-slap the water moccasin skeleton.
You constrict the water moccasin skeleton.
The water moccasin skeleton bites you. x2
* * * LOW HITPOINT WARNING * * *
You completely miss the water moccasin skeleton.
You constrict the water moccasin skeleton.
The water moccasin skeleton barely misses you.
You tentacle-slap the water moccasin skeleton.
You constrict the water moccasin skeleton.
The water moccasin skeleton bites you!
You die...

.........#
#######..#
#####..###.#.
#...#...>.... #
#...#.####.##
..###...#.####...
............[....
...........######
#.....@...#
####.Z.#### #...#
#...# #####


You could see a water moccasin skeleton.

Vanquished Creatures
  An adder (D:3)
  2 worms
  2 dart slugs (D:1)
  A giant gecko (D:3)
  2 giant cockroaches
  5 goblins
  3 hobgoblins (D:1)
  5 kobolds
  A ball python (D:2)
  3 bats
  2 giant newts (D:1)
  4 rats (D:1)
31 creatures vanquished.

Vanquished Creatures (collateral kills)
  A kobold (D:1)
1 creature vanquished.

Grand Total: 32 creatures vanquished

Notes
Turn   | Place    | Note
--------------------------------------------------------------
     0 | D:1      | M4edhros the Octopode Necromancer began the quest for the Orb.
     0 | D:1      | Reached XP level 1. HP: 11/11 MP: 3/3
    57 | D:1      | Reached skill level 1 in Unarmed Combat
    66 | D:1      | Found a snail-covered altar of Cheibriados.
    82 | D:1      | Reached XP level 2. HP: 12/17 MP: 1/5
   104 | D:1      | Became a worshipper of Cheibriados the Contemplative
   140 | D:1      | Learned a level 1 spell: Animate Skeleton
   261 | D:1      | Reached XP level 3. HP: 7/21 MP: 4/6
   266 | D:1      | Learned a level 3 spell: Regeneration
   699 | D:3      | Reached * piety under Cheibriados
   990 | D:4      | Slain by a water moccasin skeleton

Skill      XL: |  1  2  3 |
---------------+----------+-----
Unarmed Combat | 1 2 |  2.1
Stealth        | 3 4 |  4.4
Dodging        | |  2.0
Spellcasting   | |  2.0
Necromancy     | |  4.0

Action                   || total
-------------------------++-------
Melee: Dagger            ||    25
       Unarmed           ||    69
       Constrict         ||    26
       Tentacles         ||    19
 Cast: Pain              ||     8
       Animate Skeleton  ||     9
       Regeneration      ||     7
  Use: Potion            ||     3
       Scroll            ||     1
 Stab: Sleeping          ||     6
  Eat: Chunk             ||     1
Armor: Skin              ||     5
Dodge: Dodged            ||    37
